 Dungeon Crawl Stone Soup version 0.27.0-1-g7a089689b8 (webtiles) character file.

Game seed: 5870143628701399690

59925 wakim the Spear-Bearer (level 14, -5/100 HPs)
             Began as a Merfolk Ice Elementalist on Aug 6, 2021.
             Was an Elder of Vehumet.
             Collided with some lava (19 damage)
             ... caused by a swamp worm
             ... on level 5 of the Lair of Beasts.
             The game lasted 00:58:04 (22959 turns).

wakim the Spear-Bearer (Merfolk Ice Elementalist)  Turns: 22959, Time: 00:58:04

Health: -5/100     AC: 12    Str:  8    XL:     14   Next: 97%
Magic:  20/28      EV: 21    Int: 27    God:    Vehumet [****..]
Gold:   1076       SH:  7    Dex: 15    Spells: 8/33 levels left

rFire    . . .     SeeInvis +   a - +4 trident
rCold    . . .     Faith    .   j - +2 buckler
rNeg     . . .     Spirit   .   n - +0 steam dragon scales
rPois    .         Reflect  .   d - +0 helmet {SInv}
rElec    .         Harm     .   f - +0 cloak
rCorr    .         Rampage  .   h - +2 pair of gloves {archery}
Will     ++...                  e - +0 pair of boots
Stlth    +++.......             k - amulet "Nazush" {RegenMP Drain Int+8 Stlth+}
HPRegen  0.26/turn              l - ring of willpower
MPRegen  0.46/turn              m - +4 ring of evasion

@: studying Ice Magic
A: (nimble swimmer 2), mertail
a: Renounce Religion


You were on level 5 of the Lair of Beasts.
You worshipped Vehumet.
Vehumet was greatly pleased with you.
You visited 3 branches of the dungeon, and saw 18 of its levels.
You also visited: Ice Cave.

You collected 1076 gold pieces.

Inventory:

Hand Weapons
 a - a +4 trident (weapon)
 b - the +10 dagger "Fyfemaah" {freeze, Str+2 Stlth+}
   (You found it in an ice cave)

   It freezes those it strikes, dealing additional cold damage.
   It can also slow down cold-blooded creatures.
   Str:       It affects your strength (+2).
   Stlth:     It makes you more stealthy.
Missiles
 c - 2 curare-tipped darts {=f}
Armour
 d - a +0 helmet of see invisible (worn)
 e - a +0 pair of boots (worn)
 f - a +0 cloak (worn)
 h - a +2 pair of gloves of archery (worn)
 j - a +2 buckler (worn)
 n - +0 steam dragon scales (worn)
 t - a +0 crystal plate armour of cold resistance
Jewellery
 g - a ring of protection from cold
 k - the amulet "Nazush" (around neck) {RegenMP Drain Int+8 Stlth+}
   (You found it on level 5 of the Dungeon)

   [amulet of magic regeneration]

   It increases your rate of magic regeneration.
   Int:       It affects your intelligence (+8).
   Drain:     It drains your maximum health when unequipped.
   Stlth:     It makes you more stealthy.
 l - a ring of willpower (left hand)
 m - a +4 ring of evasion (right hand)
 o - a ring of fire
 y - a ring of protection from fire
Wands
 q - a wand of iceblast (9)
 v - a wand of flame (9)
 w - a wand of acid (10)
 x - a wand of charming (9)
Scrolls
 i - 2 scrolls of enchant weapon
 p - a scroll of enchant armour
 s - a scroll of torment {!r}
 R - 2 scrolls of magic mapping {!r}
 S - 2 scrolls of summoning
 T - a scroll of teleportation
 U - a scroll of fear
 X - 3 scrolls of fog
 Y - a scroll of blinking {!r}
Potions
 A - 7 potions of ambrosia
 B - a potion of attraction {!q}
 D - a potion of brilliance
 F - 6 potions of curing
 G - 3 potions of flight
 H - 4 potions of haste
 J - 3 potions of heal wounds
 K - a potion of magic
 L - 5 potions of lignification {!q}
 M - a potion of mutation {!q}
 N - 2 potions of might


   Skills:
 - Level 6.0 Fighting
 - Level 4.0 Short Blades
 - Level 14.0 Polearms
 - Level 4.0 Armour
 - Level 10.0 Dodging
 - Level 2.1 Stealth
 - Level 4.0 Shields
 - Level 10.0 Spellcasting
 + Level 8.9 Conjurations
 - Level 4.0 Translocations
 + Level 5.7 Fire Magic
 - Level 12.0 Ice Magic
 - Level 6.0 Poison Magic


You had 8 spell levels left.
You knew the following spells:

 Your Spells              Type           Power      Damage    Failure   Level
a - Freeze                Ice            100%       1d11      1%          1
b - Frozen Ramparts       Ice            100%       1d12      1%          3
c - Ozocubu's Armour      Ice            67%        N/A       1%          3
d - Blink                 Tloc           N/A        N/A       1%          2
e - Starburst             Conj/Fire      26%        8x6d8     9%          6
q - Sticky Flame          Conj/Fire      52%        2d7       1%          4
s - Searing Ray           Conj           100%       3d7       1%          2
y - Olgreb's Toxic Radia  Pois           45%        N/A       1%          4

Your spell library contained the following spells:

 Spells                   Type           Power      Damage    Failure   Level
 Apportation              Tloc           70%        N/A       1%          1
 Foxfire                  Conj/Fire      100%       2x1d9     1%          1
 Magic Dart               Conj           100%       1d8       1%          1
 Ensorcelled Hibernation  Hex/Ice        90%        N/A       1%          2
 Static Discharge         Conj/Air       37%        N/A       1%          2
 Conjure Flame            Conj/Fire      52%        6-21      1%          3
 Inner Flame              Hex/Fire       29%        N/A       1%          3
 Fulminant Prism          Conj/Hex       18%        3d11      1%          4
 Hailstorm                Conj/Ice       63%        3d13      1%          4
 Lesser Beckoning         Tloc           17%        N/A       2%          3
 Animate Skeleton         Necr           26%        N/A       4%          1
 Corona                   Hex            14%        N/A       4%          1
 Summon Small Mammal      Summ           52%        N/A       4%          1
 Passwall                 Tmut/Erth      10%        N/A       6%          2
 Slow                     Hex            13%        N/A       6%          2
 Metabolic Englaciation   Hex/Ice        22%        N/A       10%         5
 Confusing Touch          Hex            13%        N/A       13%         3
 Swiftness                Air            13%        N/A       13%         3
 Tukima's Dance           Hex            13%        N/A       13%         3
 Manifold Assault         Tloc           35%        N/A       22%         5
 Yara's Violent Unravell  Hex/Tmut       6%         3d5       28%         5
 Animate Dead             Necr           6%         N/A       38%         4
 Dispel Undead            Necr           13%        3d9       38%         4
 Simulacrum               Ice/Necr       22%        N/A       50%         6
 Borgnjor's Vile Clutch   Necr/Erth      6%         N/A       75%         5
 Death Channel            Necr           6%         N/A       100%        6
 Invisibility             Hex            6%         N/A       100%        6
 Malign Gateway           Summ/Tloc      12%        N/A       100%        7
 Storm Form               Tmut/Air       6%         N/A       100%        7
 Summon Horrible Things   Summ           6%         N/A       100%        8


Dungeon Overview and Level Annotations

Branches:
Dungeon (11/15)            Temple (1/1) D:4            Lair (6/6) D:8
  Swamp (0/4) Lair:4        Snake (0/4) Lair:4        Slime (0/5) Lair:5
    Orc (0/2) D:10          IceCv (visited)

Altars:
Cheibriados
Dithmenos
Elyvilon
Fedhas
Gozag
Hepliaklqana
Kikubaaqudgha
Makhleb
Okawaru
Qazlal
Ru
Trog
Vehumet
Wu Jian
Xom
Yredelemnul
Zin
Jiyva

Shops:
D:6 !(*

Annotations:
Lair:4 Nessos
Lair:5 1 transporter
Lair:6 1 runed translucent door, Sede's ghost, journeyman HOFi


Innate Abilities, Weirdness & Mutations

((You are quick and stealthy near water. (Stealth+, EV+, Speed+++)))
Your lower body shifts to a powerful aquatic tail in water.


Message History

Press: ? - help, Shift-Dir - straight line, f/p - swamp worm
Aim: a swamp worm (heavily wounded, 79% to hit)
The searing ray hits the swamp worm!
The swamp worm is severely wounded. (Press . to maintain the ray.)
The swamp worm fires a harpoon shot at you.
The harpoon shot misses you.
The swamp worm fires a harpoon shot at you.
The harpoon shot hits you.
You are yanked forward by the harpoon shot.
You collide with the briar patch!
You become entangled in the net!
There are no objects that can be picked up here. a throwing net
Casting: Searing Ray (safe; 1% risk of failure)
Confirm with . or Enter, or press ? or * to list all spells.
Aiming: Searing Ray (safe; 1% risk of failure)
Press: ? - help, Shift-Dir - straight line, f/p - swamp worm
Aim: a swamp worm (severely wounded, 79% to hit)
The searing ray misses the swamp worm. (Press . to maintain the ray.)
The swamp worm fires a harpoon shot at you.
The harpoon shot misses you.
The swamp worm fires a harpoon shot at you.
The harpoon shot hits you.
You are yanked forward by the harpoon shot.
You collide with the briar patch!
* * * LOW HITPOINT WARNING * * *
The swamp worm fires a harpoon shot at you.
The harpoon shot hits you!
* * * LOW HITPOINT WARNING * * *
You are yanked forward by the harpoon shot.
You collide with the briar patch!
The briar patch is destroyed!
* * * LOW HITPOINT WARNING * * *
The swamp worm fires a harpoon shot at you.
The harpoon shot hits you!
* * * LOW HITPOINT WARNING * * *
You are yanked forward by the harpoon shot.
You violently stop moving!
You die...

#.##.....#.......................
.##.##.............#.#...........
..#..#...............#...........
.................................
#.#...................P......#.#.
###............©....>...........#
####...#.....#####.............#.
#..........###P©P###...P........P
#..........#♣≈P^@≈##.............
#..........##≈.^P≈w#.............
...........#w≈P^P≈##...........#.
##.#P......###°^P≈w#..#P.P.......
##.....#...#w§P^☼###.###.........
###..#.....##≈P^P≈w#....#........
..../##....#w≈P○P≈##...........).
.......#...####+####............)
.............#?$?#...###.........


You could see 6 swamp worms.

Vanquished Creatures
  10 hydras
  25 death yaks
  Sonja (Lair:5)
  The ghost of RandomHacker the Jinx, a novice DECj of Vehumet (D:7)
  Pikel (D:7)
  An ugly thing (IceCv)
  2 black mambas (Lair:6)
  11 elephants
  2 ice statues (IceCv)
  Maurice (D:8)
  Joseph (D:8)
  A torpor snail (Lair:5)
  Maggie (D:7)
  A gargoyle (D:9)
  12 cane toads
  9 komodo dragons
  A freezing wraith (IceCv)
  2 rime drakes (Lair:3)
  A tengu conjurer (D:9)
  A queen bee (D:9)
  A polar bear (Lair:6)
  4 hornets
  25 blink frogs
  A dream sheep (Lair:6)
  A shadow (D:9)
  4 wyverns
  3 spriggans (Lair:6)
  43 yaks
  Grum (D:10)
  2 steam dragons
  2 basilisks
  2 nagas (Lair:4)
  16 water moccasins
  Duvessa (D:7)
  4 black bears (D:8)
  4 ogres
  2 orc warriors
  4 sky beasts
  2 necrophages
  3 boggarts (Lair:6)
  15 wolves
  6 centaurs
  A phantom (D:5)
  2 lemures (D:7)
  A gnoll sergeant (D:8)
  2 scorpions (D:5)
  7 bullfrogs
  Dowan (D:7)
  2 cane toad simulacra (IceCv)
  21 killer bees
  2 elephant simulacra (IceCv)
  9 wights
  An electric eel (Lair:1)
  4 howler monkeys
  A centaur zombie (D:8)
  A bullfrog zombie (D:6)
  3 hounds
  A bullfrog skeleton (D:5)
  A centaur skeleton (D:7)
  2 gnoll shamans
  2 orc priests
  A jelly (D:6)
  2 iguanas
  4 orc wizards
  Natasha (thrice) (D:3)
  A polar bear simulacrum (IceCv)
  A killer bee zombie (D:9)
  A hound zombie (D:5)
  2 hound skeletons
  2 howler monkey zombies
  19 gnolls
  4 adders
  2 white imps
  An ufetubus (D:5)
  An adder skeleton (D:4)
  A worm (D:3)
  3 dart slugs
  27 orcs
  A bat (D:3)
  An endoplasm (D:3)
  A giant cockroach (D:2)
  5 hobgoblins
  3 jackals (D:5)
  5 quokkas
  6 ball pythons
  A frilled lizard (D:3)
  4 goblins
  11 kobolds
  4 rats (D:1)
  A briar patch (Lair:5)
413 creatures vanquished.

Vanquished Creatures (others)
  A briar patch (Lair:5)
  64 fungi
  45 plants
110 creatures vanquished.

Grand Total: 523 creatures vanquished

Notes
Turn   | Place    | Note
-------+----------+-------------------------------------------
     0 | D:1      | wakim the Merfolk Ice Elementalist began the quest for the
                  | Orb.
     0 | D:1      | Reached XP level 1. HP: 13/13 MP: 3/3
     1 | D:1      | Found an opulent altar of Gozag.
   259 | D:1      | Reached XP level 2. HP: 18/19 MP: 1/5
   734 | D:1      | Found a faded altar of an unknown god.
   790 | D:2      | Reached skill level 5 in Ice Magic
  1177 | D:2      | Found a hazy altar of Hepliaklqana.
  1368 | D:2      | Reached XP level 3. HP: 24/24 MP: 4/6
  1372 | D:2      | Learned a level 3 spell: Frozen Ramparts
  1932 | D:3      | Reached XP level 4. HP: 21/30 MP: 3/8
  1940 | D:3      | Learned a level 3 spell: Ozocubu's Armour
  2062 | D:3      | Noticed Natasha
  2067 | D:3      | Killed Natasha
  2337 | D:3      | Noticed Natasha
  2345 | D:3      | Killed Natasha
  2346 | D:3      | Reached XP level 5. HP: 19/35 MP: 2/9
  2610 | D:3      | Noticed Natasha
  2617 | D:3      | Killed Natasha
  3169 | D:3      | Reached XP level 6. HP: 41/41 MP: 4/11
  3551 | D:4      | Found a staircase to the Ecumenical Temple.
  3551 | D:4      | Noticed a sky beast
  3570 | D:4      | Killed a sky beast
  3571 | D:4      | Reached skill level 1 in Shields
  3643 | Temple   | Entered the Ecumenical Temple
  3695 | Temple   | Became a worshipper of Vehumet
  3725 | D:4      | Reached XP level 7. HP: 22/46 MP: 5/12
  4475 | D:5      | Entered Level 5 of the Dungeon
  4969 | D:5      | Learned a level 2 spell: Blink
  4982 | D:5      | Reached skill level 1 in Short Blades
  4988 | D:5      | Reached skill level 1 in Fighting
  4988 | D:5      | Reached XP level 8. HP: 29/54 MP: 11/14
  5230 | D:5      | Identified the amulet "Nazush" {RegenMP Drain Int+8 Stlth+}
  5411 | D:5      | Reached skill level 1 in Translocations
  5541 | D:5      | Reached skill level 5 in Dodging
  5788 | D:5      | Reached * piety under Vehumet
  5788 | D:5      | Offered knowledge of Magic Dart by Vehumet.
  5960 | D:6      | Found Onady's Antique Weapon Boutique.
  5997 | D:6      | Noticed a hornet
  6005 | D:6      | Paralysed by a hornet for 3 turns
  6007 | D:6      | Killed a hornet
  6008 | D:6      | Reached XP level 9. HP: 55/64 MP: 10/15
  6303 | D:6      | Found Cis Fol's General Store.
  7115 | D:6      | Reached skill level 1 in Polearms
  7207 | D:6      | Reached skill level 2 in Polearms
  7217 | D:6      | Reached skill level 3 in Polearms
  7427 | D:6      | Found Byhi's Distillery.
  7493 | D:6      | Reached skill level 4 in Polearms
  7609 | D:7      | Noticed Pikel
  7626 | D:7      | Killed Pikel
  7627 | D:7      | Reached skill level 5 in Fighting
  7627 | D:7      | Reached skill level 6 in Polearms
  7927 | D:7      | Reached skill level 7 in Polearms
  8125 | D:7      | Noticed Duvessa
  8125 | D:7      | Noticed Dowan
  8135 | D:7      | Killed Duvessa
  8136 | D:7      | Reached XP level 10. HP: 76/76 MP: 12/16
  8136 | D:7      | Killed Dowan
  8162 | D:7      | Reached skill level 8 in Polearms
  8229 | D:7      | Noticed Maggie
  8249 | D:7      | Killed Maggie
  8389 | D:7      | Found a large runed translucent door.
  8392 | D:7      | Found a large runed translucent door.
  8394 | D:7      | Noticed RandomHacker's ghost (novice DECj)
  8592 | D:8      | Noticed Maurice
  8612 | D:8      | Killed Maurice
  8613 | D:8      | Reached skill level 9 in Polearms
  8852 | D:8      | Offered knowledge of Poisonous Vapours by Vehumet.
  8855 | D:8      | Reached ** piety under Vehumet
  9118 | D:8      | Identified a scroll of acquirement
  9118 | D:8      | Acquired a +0 helmet of see invisible
  9159 | D:8      | Reached skill level 1 in Armour
  9181 | D:8      | Reached skill level 10 in Polearms
  9219 | D:8      | Found a staircase to the Lair.
  9333 | D:8      | Noticed Joseph
  9361 | D:8      | Killed Joseph
  9362 | D:8      | Reached skill level 5 in Spellcasting
  9986 | D:9      | Reached XP level 11. HP: 75/81 MP: 16/18
 10079 | D:9      | Offered knowledge of Conjure Flame by Vehumet.
 10348 | D:9      | Found an opulent altar of Gozag.
 10522 | D:9      | Reached skill level 10 in Dodging
 10529 | D:9      | Reached *** piety under Vehumet
 11136 | D:9      | Reached skill level 10 in Ice Magic
 11847 | D:10     | Entered Level 10 of the Dungeon
 11847 | D:10     | Noticed Grum
 11858 | D:10     | Killed Grum
 12273 | D:10     | Found a staircase to the Orcish Mines.
 12407 | D:10     | Offered knowledge of Olgreb's Toxic Radiance by Vehumet.
 12926 | D:11     | Noticed a four-headed hydra
 13029 | Lair:1   | Entered Level 1 of the Lair of Beasts
 13042 | Lair:1   | Noticed a six-headed hydra
 13058 | Lair:1   | Killed a six-headed hydra
 13487 | Lair:1   | Learned a level 2 spell: Searing Ray
 13506 | Lair:1   | Reached skill level 11 in Polearms
 13506 | Lair:1   | Reached XP level 12. HP: 79/88 MP: 21/21
 13509 | Lair:1   | Reached skill level 1 in Conjurations
 13586 | Lair:1   | Noticed a six-headed hydra
 13598 | Lair:1   | Killed a six-headed hydra
 14189 | Lair:1   | Learned a level 4 spell: Olgreb's Toxic Radiance
 14424 | Lair:2   | Noticed a five-headed hydra
 14440 | Lair:2   | Killed a five-headed hydra
 14726 | Lair:2   | Learned a level 4 spell: Sticky Flame
 14863 | Lair:2   | Reached skill level 12 in Polearms
 15311 | Lair:2   | Noticed a five-headed hydra
 15324 | Lair:2   | Killed a five-headed hydra
 15355 | Lair:2   | Reached **** piety under Vehumet
 15421 | Lair:2   | Noticed a death yak
 15422 | Lair:2   | Noticed a death yak
 15422 | Lair:2   | Noticed a death yak
 15445 | Lair:2   | Noticed a death yak
 15446 | Lair:2   | Killed a death yak
 15449 | Lair:2   | Killed a death yak
 15449 | Lair:2   | Offered knowledge of Lightning Bolt by Vehumet.
 15464 | Lair:2   | Killed a death yak
 15465 | Lair:2   | Reached skill level 13 in Polearms
 15471 | Lair:2   | Killed a death yak
 15962 | Lair:3   | Reached skill level 5 in Conjurations
 16597 | Lair:3   | Reached XP level 13. HP: 88/93 MP: 22/22
 16837 | Lair:3   | Reached skill level 14 in Polearms
 17070 | Lair:4   | Found a staircase to the Snake Pit.
 17093 | Lair:4   | Reached skill level 1 in Poison Magic
 17133 | Lair:4   | Found a frozen archway.
 17167 | Lair:4   | Reached skill level 1 in Fire Magic
 17195 | IceCv    | Entered an ice cave
 17542 | IceCv    | Found a transporter.
 17550 | IceCv    | Found a transporter.
 17928 | IceCv    | Identified the +10 dagger "Fyfemaah" {freeze, Str+2 Stlth+}
 17976 | Lair:4   | Found a staircase to the Swamp.
 18094 | Lair:4   | Found a basalt altar of Yredelemnul.
 18096 | Lair:4   | Noticed Nessos
 19400 | Lair:5   | Noticed Sonja
 19411 | Lair:5   | Killed Sonja
 19465 | Lair:5   | Found a transporter.
 19545 | Lair:5   | Reached XP level 14. HP: 71/100 MP: 26/26
 19650 | Lair:5   | Reached ***** piety under Vehumet
 19651 | Lair:5   | Reached skill level 5 in Poison Magic
 19912 | Lair:5   | Found a staircase to the Slime Pits.
 19913 | Lair:5   | Found a viscous altar of Jiyva.
 19942 | Lair:5   | Offered knowledge of Starburst by Vehumet.
 20460 | Lair:5   | Found a transporter.
 20925 | Lair:6   | Entered Level 6 of the Lair of Beasts
 21021 | Lair:6   | Learned a level 6 spell: Starburst
 21060 | Lair:6   | Found a runed translucent door.
 21064 | Lair:6   | Noticed Sede's ghost (journeyman HOFi)
 21115 | Lair:6   | Reached skill level 10 in Spellcasting
 21601 | Lair:6   | Reached skill level 5 in Fire Magic
 22764 | D:7      | Killed RandomHacker's ghost
 22959 | Lair:5   | Collided with some lava

Illustrated notes

Levels and vault maps discovered:
D:1:      sevenhm_arrival_forest_fort_small_6, layout_rooms,
          dreamdust_ecumenical_altar_statues
D:2:      layout_loops_ring, basic_altar, corexii_shack
D:3:      layout_basic, uniq_natasha
D:4:      layout_basic, minmay_temple_entry_junction_2
D:5:      wad_river_or_something, layout_cave_pools
D:6:      layout_rooms, serial_curves, eino_curves_03, eino_curves_02,
          serial_shops, shop, shop, nicolae_diamond_shop, serial_park_tiny_1,
          moated_statue, skrybe_limestone_x
D:7:      layout_loops_ring, ebering_ghost_disaster_area,
          amcnicky_mini_rare_corridor_liquid, kennysheep_nub, uniq_maggie,
          uniq_pikel, uniq_duvessa
D:8:      layout_loops_ring, due_lair_maze_entry_diamond, dk_noncrumbling_2,
          uniq_maurice, uniq_joseph
D:9:      layout_stronghold, mainiacjoe_overflow_small_starburst, minivault_7
D:10:     layout_basic, orc_0_dummy, uniq_grum
D:11:     layout_basic, serial_glass, glass_columns_c, glass_columns_a
Temple:   grunt_wide_crystal_templ
Lair:1:   layout_regular_city, grunt_megastairs_5, serial_bayou_shore_a
Lair:2:   layout_cave_pods
Lair:3:   layout_loops_ring, grunt_forest_small_clearings, grunt_megastairs_4
Lair:4:   layout_small_grid, swamp_mist, guppyfry_snake_entry_island,
          portal_ice_cave_entry_pillars_2, basic_altar, uniq_nessos
Lair:5:   gammafunk_worm_tunnel, layout_misc_corridors, slime_altar_1,
          uniq_sonja
Lair:6:   minmay_lair_end_enchanted_forest, layout_cellular_growth,
          ebering_ghost_inner_flame, chequers_serial_rivers_micro_c, uniq_rupert

Skill      XL: |  1  2  3  4  5  6  7  8  9 10 11 12 13 14 |
---------------+-------------------------------------------+-----
Ice Magic      | 5 6 7 8 9 11 12 | 12.0
Spellcasting   | 3 4 5 6 8 10 | 10.0
Shields        | 2 4 |  4.0
Dodging        | 3 6 8 9 10 | 10.0
Short Blades   | 1 3 4 |  4.0
Fighting       | 1 3 5 6 |  6.0
Translocations | 2 3 4 |  4.0
Polearms       | 7 10 11 13 14 | 14.0
Armour         | 2 4 |  4.0
Conjurations   | 5 7 8 |  8.9
Poison Magic   | 4 6 |  6.0
Fire Magic     | 3 5 |  5.7
Stealth        | |  2.1

Action                   |  1- 3 |  4- 6 |  7- 9 | 10-12 | 13-15 || total
-------------------------+-------+-------+-------+-------+-------++-------
Melee: Unarmed           |     1 |       |       |       |       ||     1
       Dagger            |    13 |       |       |       |       ||    13
       Spear             |     2 |    50 |   238 |       |       ||   290
       Trident           |       |       |    83 |   482 |   577 ||  1142
 Cast: Freeze            |    45 |     7 |       |       |       ||    52
       Frozen Ramparts   |     3 |    17 |    33 |    65 |    50 ||   168
       Ozocubu's Armour  |       |     4 |    32 |    39 |    40 ||   115
       Olgreb's Toxic Ra |       |       |       |     3 |     7 ||    10
       Sticky Flame      |       |       |       |     1 |    31 ||    32
       Searing Ray       |       |       |       |       |     9 ||     9
       Starburst         |       |       |       |       |    13 ||    13
  Use: Scroll            |     4 |     1 |     5 |    12 |     2 ||    24
       Potion            |       |       |       |       |     2 ||     2
 Stab: Sleeping          |     1 |       |     3 |     1 |       ||     5
Armor: Leather armour    |    12 |    19 |   105 |       |       ||   136
       Steam dragon scal |       |       |       |   108 |   167 ||   275
Dodge: Dodged            |    24 |    18 |   141 |   252 |   405 ||   840
Block: Buckler           |       |       |    77 |   112 |   165 ||   354
